 Dungeon Crawl Stone Soup version 0.10-a0-1668-gf1eeef9 character file.

554 vogonpoet the Ruffian (level 6, -1/53 HPs)
             Began as a Troll Earth Elementalist on Nov 2, 2011.
             Was a Priest of Cheibriados.
             Slain by a yellow wasp (8 damage)
             ... on Level 5 of the Dungeon.
             The game lasted 00:15:56 (3665 turns).

vogonpoet the Ruffian (Troll Earth Elementalist)    Turns: 3665, Time: 00:15:57

HP  -1/53        AC  7     Str 23      XL: 6   Next: 29%
MP   6/6         EV 10     Int 19      God: Cheibriados [***...]
Gold 196         SH  0     Dex 16      Spells:  2 memorised,  4 levels left

Res.Fire  : . . .   See Invis. : .     - Unarmed
Res.Cold  : . . .   Warding    : . . i - +1 orc robe
Life Prot.: . . .   Conserve   : .   (shield restricted)
Res.Acid. : . . .   Res.Corr.  : .   (helmet restricted)
Res.Poison: .       Clarity    : .   u - +0 cloak
Res.Elec. : .       Spirit.Shd : .   (gloves unavailable)
Sust.Abil.: . .     Stasis     : .   (boots unavailable)
Res.Mut.  : .       Ctrl.Telep.: .   (no amulet)
Res.Rott. : .       Levitation : .   (no ring)
Gourmand  : +       Ctrl.Flight: .   (no ring)

@: quite poisoned, slowed, very slow, slightly resistant to hostile
enchantments, unstealthy
A: unfitting armour, claws 3, fast metabolism 3, gourmand, regeneration 2,
saprovore 2, tough skin 2, AC +1
a: Bend Time, Temporal Distortion, Renounce Religion


You were on level 5 of the Dungeon.
You worshipped Cheibriados.
Cheibriados was greatly pleased with you.
You were completely stuffed.

You visited 2 branches of the dungeon, and saw 6 of its levels.
You visited 1 portal chamber: sewer.

You collected 176 gold pieces.

Inventory:

Hand weapons
 m - a +1,+0 elven dagger
 r - a cursed -2,-3 orcish dagger
 x - a +1 blowgun
 y - a +0 orcish blowgun
 A - a +1,+1 dwarven dagger of speed
Missiles
 b - 43 +0 stones
 f - 63 +0 darts (quivered)
 j - 2 silver +0 darts
 q - 54 +0 sling bullets
 s - 24 +0 bolts of frost
 B - 79 poisoned +0 needles
 D - 22 +0 bolts
Armour
 c - a +0 robe
 i - a +1 orcish robe (worn)
 u - a +0 cloak (worn)
Magical devices
 G - a wand of enslavement (6)
Comestibles
 a - 4 meat rations
 g - 5 bread rations
Scrolls
 e - 2 scrolls of magic mapping {unknown}
 h - 2 scrolls of detect curse {unknown}
 k - 5 scrolls of identify {unknown}
 l - 2 scrolls of fear {unknown}
 n - 2 scrolls of remove curse {unknown}
 w - a scroll of enchant armour {unknown}
Jewellery
 o - an uncursed amulet of clarity {unknown}
Potions
 t - a potion of degeneration {unknown}
 E - a potion of brilliance {unknown}
 F - a potion of curing {unknown}
 H - a potion of levitation {unknown}
 I - a potion of blood {unknown}
 J - a potion of agility {unknown}
Books
 d - a book of Geomancy

   Spells                             Type                      Level
   *Sandblast                         Earth                        1
   *Stoneskin                         Transmutation/Earth          2
   Passwall                           Transmutation/Earth          3
   Stone Arrow                        Conjuration/Earth            3
   Petrify                            Transmutation/Earth          4
   Lee's Rapid Deconstruction         Earth                        5
 p - a book of Morphology

   Spells                             Type                      Level
   Sticks to Snakes                   Transmutation                2
   Petrify                            Transmutation/Earth          4
   Polymorph Other                    Hexes/Transmutation          4
   Cigotuvi's Degeneration            Transmutation/Necromancy     5
   Ignite Poison                      Fire/Transmutation           5
 v - a book of the Warp

   Spells                             Type                      Level
   Recall                             Summoning/Translocation      3
   Passage of Golubria                Translocation                4
   Phase Shift                        Translocation                5
   Warp Weapon                        Charms/Translocation         5
   Dispersal                          Translocation                6
   Controlled Blink                   Translocation                7
Magical staves
 z - a staff of poison {unknown}


   Skills:
 - Level 1 Dodging
 - Level 1 Stealth
 * Level 5 Unarmed Combat
 - Level 1 Spellcasting
 + Level 4 Earth Magic


You had 4 spell levels left.
You knew the following spells:

 Your Spells              Type           Power        Success   Level  Hunger
a - Sandblast             Erth           ####...      Excellent   1    Strawberry
b - Stoneskin             Erth/Trmt      ###.......   Great       2    Choko

Dungeon Overview and Level Annotations

Branches:
Dungeon (5/27)             Temple (1/1) D:4

Altars:
Cheibriados
Makhleb
The Shining One
Trog
Xom


Innate Abilities, Weirdness & Mutations

You are too large for most types of armour.
You have claws for hands.
Your metabolism is lightning-fast.
You like to eat raw meat.
You heal very quickly.
You can eat rotten meat.
You are covered in fur (AC +1).
You have very tough skin (AC +2).


Message History

The yellow wasp is lightly wounded.
You feel sick. The yellow wasp stings you!
You are more poisoned.
You suddenly lose the ability to move!
The yellow wasp stings you but does no damage.
You feel sick.
You feel a little better.
Helpless, you fail to dodge the yellow wasp's attack.
The yellow wasp stings you!
You feel as though you will be slow longer.
* * * LOW HITPOINT WARNING * * *
Helpless, you fail to dodge the yellow wasp's attack.
The yellow wasp stings you!
You are more poisoned.
You feel as though you will be slow longer.
* * * LOW HITPOINT WARNING * * *
You can move again.
You barely miss the yellow wasp. The yellow wasp stings you!
You feel as though you will be slow longer.
You die...

####### #######
#.....# ###...... #
#.....###.'......
+.####.....##..#......
...#.....##.##......
#.#........##......
#.@y....#####......
###.....# #......
#.....# #......
##.#### ######' #>. #.
#### ###### #.....
#..... +.....


You could see a yellow wasp.

Vanquished Creatures
  Purgy (Port)
  A hound (D:5)
  An iguana (D:4)
  2 orc wizards (D:4)
  3 snakes
  A giant mite (D:2)
  2 grey rats (D:5)
  5 giant geckos
  2 oozes
  8 orcs
  5 bats
  4 giant cockroaches
  12 goblins
  7 hobgoblins
  10 jackals
  2 small snakes
  6 giant newts
  15 kobolds
  A kobold skeleton (D:4)
  11 rats
99 creatures vanquished.

Vanquished Creatures (others)
  2 toadstools
2 creatures vanquished.

Grand Total: 101 creatures vanquished

Notes
Turn   | Place    | Note
--------------------------------------------------------------
     0 | D:1      | vogonpoet, the Troll Earth Elementalist, began the quest for the Orb.
     0 | D:1      | Reached XP level 1. HP: 16/16 MP: 3/3
   204 | D:2      | Reached skill level 3 in Earth Magic
   214 | D:2      | Reached skill level 1 in Unarmed Combat
   214 | D:2      | Reached XP level 2. HP: 24/24 MP: 3/3
   647 | D:2      | Reached skill level 4 in Earth Magic
   647 | D:2      | Reached XP level 3. HP: 28/31 MP: 4/4
   655 | D:2      | Learned a level 2 spell: Stoneskin
   893 | D:4      | Found a staircase to the Ecumenical Temple.
   908 | D:4      | Reached XP level 4. HP: 11/39 MP: 5/5
   912 | Temple   | Entered the Ecumenical Temple
   925 | Temple   | Became a worshipper of Cheibriados the Contemplative
  1899 | D:3      | Acquired Cheibriados's first power
  2352 | D:3      | Reached XP level 5. HP: 45/45 MP: 5/5
  3329 | D:5      | Entered Level 5 of the Dungeon
  3342 | D:5      | Reached skill level 5 in Unarmed Combat
  3354 | D:5      | Found a glowing drain. 3411
                  | sewer
                  | Entered the sewers 3422
                  | sewer
                  | Acquired Cheibriados's second power 3472
                  | sewer
                  | Noticed Purgy 3491
                  | sewer
                  | Defeated Purgy 3491
                  | sewer
                  | Reached XP level 6. HP: 49/53 MP: 2/6
  3663 | D:5      | Paralysed by a yellow wasp for 2 turns
  3665 | D:5      | Slain by a yellow wasp
